 Dungeon Crawl Stone Soup version 0.19.1 (webtiles) character file.

77 ChaseSP the Charmwright (level 4, 0/33 HPs)
             Began as a Merfolk Skald on Nov 26, 2016.
             Slain by an iron imp (5 damage)
             ... summoned by Natasha
             ... on level 2 of the Dungeon.
             The game lasted 00:04:03 (1957 turns).

ChaseSP the Charmwright (Merfolk Skald)             Turns: 1957, Time: 00:04:03

Health: 0/33       AC:  5    Str: 13    XL:     4   Next: 34%
Magic:  4/7        EV: 10    Int: 11    God:
Gold:   45         SH:  0    Dex: 13    Spells: 3 memorised, 1 level left

rFire  . . .     SeeInvis .     a - +0 spear
rCold  . . .     Gourm    .     f - +0 ring mail
rNeg   . . .     Faith    .     (no shield)
rPois  .         Spirit   .     (no helmet)
rElec  .         Reflect  .     (no cloak)
rCorr  .         Harm     .     (no gloves)
MR     .....                    (no boots)
Stlth  +.........               (no amulet)
                                (no ring)
                                (no ring)

@: infused
A: change form in water, swift swim, stealthy swim, wild magic 1
a: no special abilities


You were on level 2 of the Dungeon.
You were not hungry.

You visited 1 branch of the dungeon, and saw 2 of its levels.

You collected 45 gold pieces.

Inventory:

Hand Weapons
 a - a +0 spear (weapon)
Armour
 b - a +1 leather armour
 f - a +0 ring mail (worn)
Potions
 h - a potion of flight
Books
 c - a book of Battle

   Spells                             Type                      Level
   a - Infusion                       Charms                       1
   b - Shroud of Golubria             Charms/Translocation         2
   c - Song of Slaying                Charms                       2
   d - Spectral Weapon                Hexes/Charms                 3
   e - Regeneration                   Charms/Necromancy            3
Comestibles
 d - a bread ration
 g - 4 chunks of flesh


   Skills:
 - Level 2.1 Fighting
 - Level 4.1 Polearms
 - Level 0.6 Armour
 - Level 1.3 Dodging
 - Level 2.0 Spellcasting
 * Level 1.3 Hexes
 * Level 4.4 Charms
 - Level 0.8 Translocations


You had one spell level left.
You knew the following spells:

 Your Spells              Type           Power        Failure   Level  Hunger
a - Infusion              Chrm           ##..         17%         1    ##.....
b - Shroud of Golubria    Chrm/Tloc      #.........   43%         2    ###....
c - Spectral Weapon       Hex/Chrm       #.......     77%         3    ####...


Dungeon Overview and Level Annotations

Branches:
Dungeon (2/15)

Altars:

Annotations:
D:2 Natasha, Sigmund


Innate Abilities, Weirdness & Mutations

You revert to your normal form in water.
You are very nimble and swift while swimming.
You are very stealthy in the water. (Stealth+)
Your spells are a little harder to cast, but a little more powerful.


Message History

You begin infusing your attacks with magical energy.
The crimson imp hits you but does no damage.
Natasha claws you but does no damage. The iron imp hits you.
You hit Natasha.
Natasha is moderately wounded.
The crimson imp sputters.
The crimson imp hits you. Natasha casts a spell at you.
The magic dart hits you!
* * * LOW HITPOINT WARNING * * *
The iron imp hits you!
* * * LOW HITPOINT WARNING * * *
You closely miss Natasha.
Natasha is moderately wounded.
The crimson imp blinks!
Natasha claws you.
* * * LOW HITPOINT WARNING * * *
You hit Natasha.
Natasha is severely wounded.
The iron imp hits you.
You die...

... ... ..#
########..# #
#5........# ..
#.........##.#
#.....)......#
#......h..#
#.....§@5.## .
#....".....## .#..
#...........###...
#...............#
########.#...##.###
#.#...##... # .#
#..(÷#...###.##.#
#..#(#...........
####<..÷........


You could see an iron imp, Natasha and a crimson imp.

Vanquished Creatures
  Natasha (D:2)
  An adder (D:2)
  A dart slug (D:1)
  A leopard gecko (D:1)
  5 giant cockroaches
  4 goblins
  6 hobgoblins
  5 jackals
  A quokka (D:2)
  3 bats
  3 frilled lizards (D:1)
  3 kobolds
  7 rats
41 creatures vanquished.

Notes
Turn   | Place    | Note
-------+----------+-------------------------------------------
     0 | D:1      | ChaseSP the Merfolk Skald began the quest for the Orb.
     0 | D:1      | Reached XP level 1. HP: 16/16 MP: 3/3
   237 | D:1      | Reached XP level 2. HP: 18/22 MP: 5/5
   241 | D:1      | Learned a level 2 spell: Shroud of Golubria
  1201 | D:2      | Reached XP level 3. HP: 27/27 MP: 6/6
  1215 | D:2      | Learned a level 3 spell: Spectral Weapon
  1568 | D:2      | Noticed Natasha
  1578 | D:2      | Killed Natasha
  1578 | D:2      | Reached skill level 1 in Hexes
  1578 | D:2      | Reached XP level 4. HP: 24/33 MP: 0/7
  1604 | D:2      | Gained mutation: Your spells are a little harder to cast, but a little more powerful. [potion of beneficial mutation]
  1901 | D:2      | Noticed Sigmund
  1946 | D:2      | Noticed Natasha
  1957 | D:2      | Slain by an iron imp

Skill      XL: |  1  2  3 |
---------------+----------+-----
Charms         | 4 |  4.4
Polearms       | 4 |  4.1
Hexes          | 1 |  1.3
Fighting       | |  2.1
Armour         | |  0.6
Dodging        | |  1.3
Spellcasting   | |  2.0
Translocations | |  0.8

Action                   |  1- 3 |  4- 6 || total
-------------------------+-------+-------++-------
Melee: Spear             |   140 |    42 ||   182
 Cast: Infusion          |     3 |     2 ||     5
  Use: Scroll            |     3 |       ||     3
       Potion            |       |     2 ||     2
 Stab: Sleeping          |     1 |       ||     1
  Eat: Chunk             |     2 |     2 ||     4
Armor: Leather armour    |    23 |       ||    23
       Ring mail         |    11 |    45 ||    56
Dodge: Dodged            |    58 |    44 ||   102
